 Dungeon Crawl Stone Soup version 0.21.1-1-g345015f (webtiles) character file.

202 Falco the Vexing (level 6, -3/44 HPs)
             Began as a Formicid Arcane Marksman on May 4, 2018.
             Slain by Renzlar's ghost (9 damage)
             ... on level 4 of the Dungeon.
             The game lasted 00:12:24 (3154 turns).

Falco the Vexing (Formicid Arcane Marksman)         Turns: 3154, Time: 00:12:25

Health: -3/44      AC:  6    Str: 16    XL:     6   Next: 8%
Magic:  7/7        EV: 11    Int: 12    God:
Gold:   111        SH:  0    Dex: 12    Spells: 1/7 levels left

rFire    . . .     SeeInvis +   b - +1 dagger (venom)
rCold    . . .     Gourm    .   (no shield)
rNeg     . . .     Faith    .   l - +1 ring mail
rPois    .         Spirit   .   (helmet unavailable)
rElec    .         Reflect  .   (no cloak)
rCorr    .         Harm     .   (no gloves)
MR       .....                  (no boots)
Stlth    +.........             (no amulet)
HPRegen  0.14/turn              (no ring)
MPRegen  0.10/turn              (no ring)

@: no status effects
A: permanent stasis, dig shafts and tunnels, four strong arms, antennae 3
a: Dig, Shaft Self


You were on level 4 of the Dungeon.
You were not hungry.

You visited 1 branch of the dungeon, and saw 4 of its levels.

You collected 111 gold pieces.

Inventory:

Hand Weapons
 a - a +0 hunting sling
 b - a +1 dagger of venom (weapon)
Missiles
 i - 113 stones (quivered)
Armour
 l - a +1 ring mail (worn)
Scrolls
 e - 2 scrolls of immolation {unknown}
 g - a scroll of enchant weapon {unknown}
 j - 3 scrolls of remove curse
 m - 5 scrolls of teleportation
Potions
 d - 2 potions of degeneration {unknown}
 k - a potion of heal wounds {unknown}
 o - a potion of flight {unknown}
Books
 c - a book of Debilitation

   Spells                             Type                      Level
   a - Corona                         Hexes                        1
   b - Slow                           Hexes                        2
   c - Inner Flame                    Hexes/Fire                   3
   d - Portal Projectile              Hexes/Translocation          3
   e - Cause Fear                     Hexes                        4
   f - Leda's Liquefaction            Hexes/Earth                  4
Comestibles
 f - 6 rations


   Skills:
 + Level 2.0 Fighting
 + Level 0.6 Short Blades
 + Level 4.4 Slings
 + Level 2.2 Armour
 + Level 2.2 Dodging
 + Level 0.2 Stealth
 + Level 1.1 Spellcasting
 + Level 4.4 Hexes


You had one spell level left.
You knew the following spells:

 Your Spells              Type           Power        Failure   Level  Hunger
a - Corona                Hex            ##.....      9%          1    ##.....
b - Slow                  Hex            ##......     13%         2    ###....
c - Inner Flame           Hex/Fire       #.......     54%         3    ####...


Dungeon Overview and Level Annotations

Branches:
Dungeon (4/15)
 Temple: D:4-7

Altars:

Annotations:
D:4 Renzlar's ghost, novice GnSk


Innate Abilities, Weirdness & Mutations

You cannot be hasted, slowed, berserked, paralysed or teleported.
You can dig through walls and to a lower floor.
Your four strong arms can wield two-handed weapons with a shield.
You have a pair of large antennae on your head. (SInv)


Message History

Renzlar's ghost hits you!
You hit Renzlar's ghost.
Renzlar's ghost is lightly damaged.
Renzlar's ghost hits you but does no damage.
You closely miss Renzlar's ghost.
Renzlar's ghost is lightly damaged.
Renzlar's ghost closely misses you.
You barely miss Renzlar's ghost.
Renzlar's ghost is lightly damaged.
Renzlar's ghost hits you! Renzlar's ghost hits you!
* * * LOW HITPOINT WARNING * * *
There is an open door here.
Renzlar's ghost hits you.
* * * LOW HITPOINT WARNING * * *
Renzlar's ghost is nearby!
As you read the scroll labeled QYIKUQI UNAD, it crumbles to dust.
You feel a strange sense of stasis.
It was a scroll of teleportation.
Renzlar's ghost hits you!
You die...

#....+....
###....#..##########
#......#..##........
#......#...'........
#...[..#...#........
#......#...#........
##......#####........
#...........W........
#..........@.##########
#............#....<...#
#............#........#
#............#........#
#.....###'####........#
#.....+...............#
#.....#...............#
.. #...............#
##..#..#...######


You could see Renzlar's ghost.

Vanquished Creatures
  Terence (D:3)
  Natasha (thrice) (D:3)
  A worker ant (D:4)
  3 adders
  An ooze (D:2)
  2 worms (D:2)
  A leopard gecko (D:2)
  A ball python (D:2)
  2 bats
  2 giant cockroaches
  7 goblins
  6 hobgoblins
  2 jackals (D:3)
  2 quokkas
  A frilled lizard (D:1)
  5 kobolds
  6 rats
46 creatures vanquished.

Notes
Turn   | Place    | Note
-------+----------+-------------------------------------------
     0 | D:1      | Falco the Formicid Arcane Marksman began the quest for the Orb.
     0 | D:1      | Reached XP level 1. HP: 15/15 MP: 2/2
   432 | D:1      | Reached XP level 2. HP: 21/21 MP: 3/3
   436 | D:1      | Learned a level 2 spell: Slow
  1119 | D:2      | Reached XP level 3. HP: 26/26 MP: 4/4
  1803 | D:2      | Reached XP level 4. HP: 32/32 MP: 5/5
  2318 | D:3      | Noticed Natasha
  2332 | D:3      | Killed Natasha
  2332 | D:3      | Reached XP level 5. HP: 28/37 MP: 6/6
  2337 | D:3      | Learned a level 3 spell: Inner Flame
  2456 | D:3      | Noticed Terence
  2474 | D:3      | Killed Terence
  2474 | D:3      | Reached skill level 1 in Armour
  2781 | D:3      | Noticed Natasha
  2811 | D:3      | Killed Natasha
  2837 | D:3      | Noticed Natasha
  2846 | D:3      | Killed Natasha
  2983 | D:4      | Reached XP level 6. HP: 28/44 MP: 7/7
  3130 | D:4      | Noticed Renzlar's ghost (novice GnSk)
  3154 | D:4      | Slain by Renzlar's ghost

Skill      XL: |  1  2  3  4  5 |
---------------+----------------+-----
Hexes          | 4 |  4.4
Dodging        | 2 |  2.2
Slings         | 3 4 |  4.4
Armour         | 2 |  2.2
Fighting       | 2 |  2.0
Short Blades   | |  0.6
Stealth        | |  0.2
Spellcasting   | |  1.1

Action                   |  1- 3 |  4- 6 || total
-------------------------+-------+-------++-------
Melee: Dagger            |    21 |    80 ||   101
 Fire: Hunting sling     |    62 |    51 ||   113
  Use: Scroll            |     3 |     5 ||     8
       Potion            |     1 |       ||     1
  Eat: Ration            |     1 |     1 ||     2
       Chunk             |     1 |       ||     1
Armor: Robe              |     5 |       ||     5
       Ring mail         |       |    22 ||    22
Dodge: Dodged            |    16 |    41 ||    57
